 Dungeon Crawl Stone Soup version 0.30-a0-1160-g6e42c06551 (webtiles) character file.

Game seed: 17152067794801847540

111869 qeuew the Tortoise (level 16, -11/107 HPs)
             Began as a Gargoyle Fighter on Apr 25, 2023.
             Was the Champion of Makhleb.
             Mangled by a jumping spider (15 damage)
             ... on level 4 of the Spider Nest.
             The game lasted 00:37:24 (17329 turns).

qeuew the Tortoise (Gargoyle Fighter)              Turns: 17329, Time: 00:37:25

Health: -11/107    AC: 42    Str: 30    XL:     16   Next: 58%
Magic:  10/24      EV: 17    Int: 18    God:    Makhleb [******]
Gold:   2592       SH:  0    Dex: 28    Spells: 15/15 levels left

rFire   + . .        L - +5 flail of Success {protect, rF- rCorr Dex+4}
rCold   x . .        y - +3 buckler of Entitlement {Str+3 Int+2}
rNeg    + . .        z - +11 chain mail of Vehumet's Outrage {rF+ Will- Int+6}
rPois   ∞            (no helmet)
rElec   +            D - +1 cloak of Esydez {rF+ rC- Dex+3 SInv}
rCorr   +            E - +3 pair of gloves "Duhahuir" {Harm *Corrode rPois}
SInv    +            G - +0 pair of boots {Stlth+}
Will    .....        o - amulet of regeneration Stlth
                     h - +6 ring of dexterity
HPRegen 1.17/turn    f - +6 ring of dexterity
MPRegen 0.19/turn

%: corrode self (3%), harm (+30% outgoing, +20% incoming)
@: confused, ambrosia-drunk, corroded, flying, slowed, studying Fighting, very
slow
A: sickness immunity, AC +12, big wings, negative energy resistance 1,
electricity resistance, torment resistance 1, petrification resistance
a: Renounce Religion, Minor Destruction, Lesser Servant of Makhleb, Major
Destruction, Greater Servant of Makhleb


You were on level 4 of the Spider Nest.
You worshipped Makhleb.
Makhleb was exalted by your worship.
You visited 4 branches of the dungeon, and saw 19 of its levels.
You also visited: Ossuary and Gauntlet.

You collected 2592 gold pieces.

Inventory:

Hand Weapons
 L - the +5 flail of Success (weapon) {protect, rF- rCorr Dex+4}
   (You found it on level 4 of the Lair of Beasts)

   Dex:       It affects your dexterity (+4).
   rF:        It makes you vulnerable to fire.
   rCorr:     It protects you from acid and corrosion.
Armour
 y - the +3 buckler of Entitlement (worn) {Str+3 Int+2}
   (You found it on level 9 of the Dungeon)

   Str:       It affects your strength (+3).
   Int:       It affects your intelligence (+2).
 z - the +11 chain mail of Vehumet's Outrage (worn) {rF+ Will- Int+6}
   (You acquired it on level 3 of the Spider Nest)

   Int:       It affects your intelligence (+6).
   rF:        It protects you from fire.
   Will:      It decreases your willpower.
 D - the +1 cloak of Esydez (worn) {rF+ rC- Dex+3 SInv}
   (You found it in a Gauntlet)

   Dex:       It affects your dexterity (+3).
   rF:        It protects you from fire.
   rC:        It makes you vulnerable to cold.
   SInv:      It lets you see invisible.
 E - the +3 pair of gloves "Duhahuir" (worn) {Harm *Corrode rPois}
   (You found it in a Gauntlet)

   rPois:     It protects you from poison.
   *Corrode:  It may corrode you when you take damage.
   Harm:      It increases damage dealt and taken.
 G - a +0 pair of boots of stealth (worn)
 N - a +2 crystal plate armour
Jewellery
 a - an amulet of magic regeneration
 f - a +6 ring of dexterity (right hand)
 h - a +6 ring of dexterity (left hand)
 l - an amulet of reflection
 o - an amulet of regeneration (around neck)
 q - a ring of willpower
 I - a ring of resist corrosion
Wands
 r - a wand of digging (11)
 t - a wand of iceblast (27)
 B - a wand of flame (30)
 C - a wand of charming (18)
Scrolls
 c - a scroll of poison
 k - 4 scrolls of identify
 p - 4 scrolls of enchant weapon
 F - 4 scrolls of enchant armour
 J - 5 scrolls of magic mapping
Potions
 d - 3 potions of might
 e - 3 potions of heal wounds
 j - 3 potions of flight
 m - 5 potions of haste
 n - a potion of cancellation
 s - 14 potions of curing
 u - 4 potions of resistance
 v - 6 potions of ambrosia
 w - 3 potions of berserk rage
 x - a potion of mutation


   Skills:
 + Level 14.7 Fighting
 * Level 15.1 Maces & Flails
 * Level 16.6 Armour
 + Level 8.9 Dodging
 + Level 12.0 Shields
 + Level 11.3 Invocations


You had 15 spell levels left.
You didn't know any spells.
Your spell library contained the following spells:

 Spells                   Type           Power      Damage    Failure   Level
 Shock                    Conj/Air       0%         1d3       54%         1
 Ensorcelled Hibernation  Hex/Ice        0%         N/A       67%         2
 Passwall                 Tmut/Erth      0%         N/A       67%         2
 Static Discharge         Conj/Air       0%         2-2/arc   67%         2
 Gell's Gravitas          Tloc           0%         N/A       88%         3
 Inner Flame              Hex/Fire       0%         N/A       88%         3
 Portal Projectile        Hex/Tloc       0%         N/A       88%         3
 Spider Form              Tmut/Pois      0%         N/A       88%         3
 Stone Arrow              Conj/Erth      0%         3d7       88%         3
 Swiftness                Air            0%         N/A       88%         3
 Teleport Other           Tloc           0%         N/A       88%         3
 Tukima's Dance           Hex            0%         N/A       88%         3
 Airstrike                Air            0%         2d(0-16)  99%         4
 Anguish                  Hex/Necr       0%         N/A       99%         4
 Animate Armour           Summ/Erth      0%         N/A       99%         4
 Flame Wave               Conj/Fire      0%         2d4       99%         4
 Passage of Golubria      Tloc           0%         N/A       99%         4
 Sticky Flame             Conj/Fire      0%         2d3       99%         4
 Summon Lightning Spire   Summ/Air       0%         N/A       99%         4
 Blade Hands              Tmut           0%         N/A       100%        5
 Silence                  Hex/Air        0%         N/A       100%        5
 Summon Forest            Summ/Tloc      0%         N/A       100%        5
 Summon Mana Viper        Hex/Summ       0%         N/A       100%        5
 Dispersal                Tloc           0%         N/A       100%        6
 Summon Cactus Giant      Summ           0%         N/A       100%        6
 Lehudib's Crystal Spear  Conj/Erth      0%         10d2      100%        8


Dungeon Overview and Level Annotations

Branches:
Dungeon (9/15)             Temple (1/1) D:4            Lair (5/5) D:8
  Swamp (0/4) Lair:2       Spider (4/4) Lair:3        Slime (0/5) Lair:4
Ossuary (visited)         Gauntlet (visited)
    Orc: D:9-12

Altars:
Ashenzari
Cheibriados
Dithmenos
Elyvilon
Fedhas
Gozag
Hepliaklqana
Makhleb
Nemelex Xobeh
Qazlal
Ru
Sif Muna
Trog
Uskayaw
Vehumet
Yredelemnul
Zin
The Shining One
Jiyva
Lugonu

Shops:
D:9 :

Portals:
Abyss: Lair:5

Annotations:
D:9 2 transporters, RepHenryClay's ghost, novice AtBe
Spider:2 2 transporters, exclusion: orange crystal statue, Goxo's ghost, adept OpCj; Musia's ghost, adept DjCj; Yvvueqof's ghost, journeyman FeEn


Innate Abilities, Weirdness & Mutations

You are immune to sickness and miasma.
Your stone body is resilient. (AC +12)
You are immune to poison.
Your large and strong wings let you fly.
You resist negative energy. (rN+)
You are resistant to electric shocks. (rElec)
You are resistant to unholy torment.
You are immune to petrification.


Message History

The wolf spider hits you but does no damage.
The wolf spider closely misses you.
You block the emperor scorpion's attack.
The emperor scorpion claws you but does no damage.
You block the emperor scorpion's attack.
You block the wolf spider's attack.
The wolf spider bites you but does no damage.
The wolf spider barely misses you. The wolf spider bites you.
The emperor scorpion stings you!
* * * LOW HITPOINT WARNING * * *
The emperor scorpion closely misses you.
The emperor scorpion claws you but does no damage.
A wolf spider simulacrum comes into view.
Okay, then.
Okay, then.
You are confused.
You feel invigorated. The wolf spider barely misses you.
The wolf spider bites you.
* * * LOW HITPOINT WARNING * * *
The jumping spider barely misses you.
The jumping spider bites you but does no damage.
The emperor scorpion barely misses you.
The emperor scorpion closely misses you.
The emperor scorpion barely misses you. The wolf spider closely misses you.
The wolf spider misses you. The wolf spider hits you.
* * * LOW HITPOINT WARNING * * *
The wolf spider misses you. The wolf spider barely misses you.
The wolf spider bites you but does no damage.
The jumping spider misses you.
The jumping spider bites you but does no damage.
The emperor scorpion stings you!!
* * * LOW HITPOINT WARNING * * *
The emperor scorpion claws you but does no damage.
The emperor scorpion misses you.
The wolf spider hits you but does no damage.
The wolf spider bites you but does no damage.
The wolf spider barely misses you. x2; The wolf spider misses you.
The wolf spider bites you but does no damage.
The jumping spider pounces on you!
You die...

#...........|..#
##^..........†..#
#.#.....†.......#
#.....^..(...####
##........^.^##
#^#.........##
##..^......##
###s.s†....##
#s@ss.....!# ..
##ss......^# .
#Zyws.....#### ..
#.#.†....#.##... .
#^......^^.##...###
##^..#......#...^#.
##.........'....^.
^..........'.....}
#.......#...'...^^^


You could see 2 emperor scorpions, a torpor snail, 3 wolf spiders, a moth of
wrath, 2 orb spiders, a jumping spider (berserk) and a wolf spider simulacrum.

Vanquished Creatures
  Arachne (Spider:4)
  5 emperor scorpions
  4 ghost moths
  The ghost of TheSexyCheese the Fighter, a journeyman OgFE of Vehumet (Lair:4)
  A broodmother (Spider:3)
  A minotaur (Gauntlet)
  4 spark wasps
  7 entropy weavers
  3 ghost crabs (Lair:4)
  A radroach (Spider:3)
  4 hydras
  3 jorogumos
  3 boulder beetles
  2 catoblepae
  A two-headed ogre (D:9)
  2 thrashing horrors (Lair:5)
  8 death yaks
  6 fire crabs (Lair:4)
  3 sun moths (Spider:3)
  6 pharaoh ants
  A skyshark (Lair:5)
  5 orb spiders
  A bog body (Lair:2)
  2 steelbarb worms (Spider:3)
  A lindwurm (Lair:5)
  2 large abominations (Lair:5)
  23 wolf spiders
  2 ugly things (Lair:5)
  An apocalypse crab (Lair:4)
  4 moths of wrath
  11 elephants
  2 black mambas (Lair:5)
  10 demonic crawlers
  A smoke demon (Lair:5)
  9 cane toads
  3 torpor snails
  4 rime drakes
  An unseen horror (D:8)
  4 komodo dragons
  An efreet (Gauntlet)
  An ice devil (Gauntlet)
  An ancient zyme (Lair:5)
  7 meliai
  A queen bee (Spider:1)
  2 polar bears
  A tyrant leech (Gauntlet)
  15 tarantellas
  A hornet (D:8)
  24 blink frogs
  17 culicivoras
  22 jumping spiders
  2 spriggans (Lair:5)
  5 ynoxinuls (Lair:5)
  13 yaks
  3 steam dragons
  5 basilisks
  A fire elemental (Gauntlet)
  5 wyverns
  35 redbacks
  Edmund (D:4)
  5 swamp worms
  2 hell hounds (Gauntlet)
  13 water moccasins
  11 small abominations (Lair:5)
  2 orc warriors (D:9)
  3 black bears
  A sky beast (D:7)
  6 wolves (Lair:5)
  2 centaurs
  An elf zombie (D:8)
  7 bullfrogs
  An elf skeleton (D:8)
  A scorpion (D:5)
  11 wights
  20 killer bees
  7 howler monkeys (D:9)
  2 electric eels (Lair:1)
  3 hounds
  A human zombie (D:8)
  7 jellies
  3 orc priests
  4 iguanas
  10 orc wizards
  4 hell rats (Lair:3)
  A human skeleton (D:8)
  12 mummies (Ossuary)
  7 gnolls
  14 adders
  A shadow imp (D:8)
  6 white imps
  2 ufetubi (D:4)
  2 worms
  2 dart slugs
  26 orcs
  10 ball pythons
  10 bats
  9 endoplasms
  7 goblins
  7 hobgoblins
  6 jackals (D:5)
  8 kobolds
  3 quokkas
  2 frilled lizards
  A gnoll skeleton (Ossuary)
  A goblin skeleton (Ossuary)
  3 kobold skeletons (Ossuary)
  5 orc skeletons
  4 rats
  11 rat skeletons (Ossuary)
603 creatures vanquished.

Vanquished Creatures (collateral kills)
  A ghost moth (Spider:4)
  A spark wasp (Spider:4)
  A thrashing horror (Lair:5)
  A pharaoh ant (Spider:4)
  An orb spider (Spider:4)
  A large abomination (Lair:5)
  3 wolf spiders (Spider:4)
  A tarantella (Spider:4)
  A culicivora (Spider:4)
  A chaos spawn (Lair:5)
  A redback (Spider:3)
13 creatures vanquished.

Vanquished Creatures (others)
  A spark wasp (Spider:4)
  An endoplasm (D:4)
  17 fungi
  27 plants
  A withered plant (Gauntlet)
47 creatures vanquished.

Grand Total: 663 creatures vanquished

Notes
Turn   | Place    | Note
-------+----------+-------------------------------------------
     0 | D:1      | qeuew the Gargoyle Fighter began the quest for the Orb.
     0 | D:1      | Reached XP level 1. HP: 14/14 MP: 1/1
   113 | D:1      | Reached XP level 2. HP: 19/19 MP: 2/2
   159 | D:1      | Found a faded altar of an unknown god.
   448 | D:1      | Reached XP level 3. HP: 23/23 MP: 3/3
   737 | D:2      | Identified the +9 whip of Megizun {heavy, Int+5}
   837 | D:2      | Reached skill level 4 in Armour
   837 | D:2      | Reached XP level 4. HP: 23/28 MP: 4/4
   875 | D:2      | Identified the +3 leather armour "Baisik" {rN+ Regen+}
  1534 | D:3      | Reached skill level 1 in Dodging
  1535 | D:3      | Found a blossoming altar of Fedhas.
  1868 | D:3      | Identified a scroll of acquirement
  1868 | D:3      | Acquired 761 gold pieces
  1959 | D:4      | Noticed Edmund
  1968 | D:4      | Killed Edmund
  1969 | D:4      | Reached XP level 5. HP: 23/33 MP: 5/5
  2025 | D:4      | Reached XP level 6. HP: 38/38 MP: 6/6
  2274 | D:4      | Found a staircase to the Ecumenical Temple.
  2293 | Temple   | Entered the Ecumenical Temple
  2319 | Temple   | Became a worshipper of Makhleb the Destroyer
  2494 | D:5      | Entered Level 5 of the Dungeon
  2499 | D:5      | Reached skill level 5 in Armour
  2786 | D:5      | Reached XP level 7. HP: 37/43 MP: 7/7
  2819 | D:5      | Reached skill level 1 in Invocations
  3169 | D:5      | Reached * piety under Makhleb
  3541 | D:6      | Reached XP level 8. HP: 33/48 MP: 9/9
  3547 | D:6      | Reached skill level 5 in Maces & Flails
  3551 | D:6      | Reached skill level 6 in Armour
  3593 | D:6      | Found a basalt altar of Yredelemnul.
  3599 | D:6      | Reached skill level 5 in Shields
  3620 | D:6      | Reached skill level 5 in Fighting
  3625 | D:6      | Found a snail-covered altar of Cheibriados.
  3649 | D:6      | Found a hide-covered altar of Uskayaw.
  3649 | D:6      | Found a stormy altar of Qazlal.
  4138 | D:7      | Found an opulent altar of Gozag.
  4175 | D:7      | Found a broken altar of Ashenzari.
  4201 | D:7      | Reached skill level 7 in Armour
  4201 | D:7      | Reached XP level 9. HP: 54/54 MP: 11/11
  4310 | D:7      | Found a shadowy altar of Dithmenos.
  4513 | D:7      | Found a sparkling altar of Nemelex Xobeh.
  4620 | D:8      | Found a bloodstained altar of Trog.
  4636 | D:8      | Identified the +1 dagger "Lonieck" {heavy, rPois Dex+2}
  4776 | D:8      | Found a sand-covered staircase.
  4791 | Ossuary  | Entered an ossuary
  4828 | Ossuary  | Reached ** piety under Makhleb
  5181 | D:8      | Reached *** piety under Makhleb
  5251 | D:8      | Found a staircase to the Lair.
  5407 | D:8      | Noticed a hornet
  5417 | D:8      | Killed a hornet
  5418 | D:8      | Reached skill level 8 in Armour
  5520 | D:8      | Found a white marble altar of Elyvilon.
  5553 | D:8      | Killed an unseen horror
  5554 | D:8      | Reached XP level 10. HP: 60/60 MP: 13/13
  5724 | D:8      | Acquired 253 gold pieces
  5895 | D:9      | Reached **** piety under Makhleb
  5969 | D:9      | Found a transporter.
  5971 | D:9      | Found a transporter.
  5972 | D:9      | Noticed RepHenryClay's ghost (novice AtBe)
  6022 | D:9      | Noticed a two-headed ogre
  6031 | D:9      | Killed a two-headed ogre
  6032 | D:9      | Reached skill level 9 in Armour
  6032 | D:9      | Reached skill level 5 in Invocations
  6037 | D:9      | Found Urphirghu's Book Boutique.
  6039 | D:9      | Identified the +3 buckler of Entitlement {Str+3 Int+2}
  6200 | D:9      | Found a sacrificial altar of Ru.
  6424 | Lair:1   | Entered Level 1 of the Lair of Beasts
  6538 | Lair:1   | Noticed a cane toad
  6548 | Lair:1   | Killed a cane toad
  6549 | Lair:1   | Reached XP level 11. HP: 45/67 MP: 15/15
  6782 | Lair:1   | Found a gate leading to a gauntlet.
  6801 | Lair:1   | Reached skill level 10 in Armour
  6809 | Gauntlet | Entered a Gauntlet
  6809 | Gauntlet | Found a transporter.
  6809 | Gauntlet | Found a transporter.
  6810 | Gauntlet | Noticed an oklob plant
  6829 | Gauntlet | Found a transporter.
  6829 | Gauntlet | Found a transporter.
  6836 | Gauntlet | Found a transporter.
  6856 | Gauntlet | Found a transporter.
  6876 | Gauntlet | Found a transporter.
  6876 | Gauntlet | Found a transporter.
  6926 | Gauntlet | Found a transporter.
  6931 | Gauntlet | Identified the +1 cloak of Esydez {rF+ rC- Dex+3 SInv}
  6976 | Gauntlet | Found a transporter.
  6991 | Gauntlet | Found a transporter.
  7017 | Gauntlet | Reached skill level 5 in Dodging
  7022 | Gauntlet | Identified the +3 pair of gloves "Duhahuir" {Harm *Corrode
                  | rPois}
  7034 | Gauntlet | Found a transporter.
  7092 | Gauntlet | Noticed a minotaur
  7114 | Gauntlet | Killed a minotaur
  7492 | Lair:2   | Noticed a bog body
  7492 | Lair:2   | Found a staircase to the Swamp.
  7511 | Lair:2   | Killed a bog body
  7850 | Lair:2   | Noticed a catoblepas
  7860 | Lair:2   | Killed a catoblepas
  8288 | Lair:3   | Reached skill level 11 in Armour
  8305 | Lair:3   | Reached skill level 10 in Maces & Flails
  8305 | Lair:3   | Reached XP level 12. HP: 73/73 MP: 15/17
  8343 | Lair:3   | Found a hole to the Spider Nest.
  8391 | Lair:3   | Reached ***** piety under Makhleb
  8542 | Lair:3   | Noticed a boulder beetle
  8561 | Lair:3   | Killed a boulder beetle
  9087 | Lair:3   | Acquired a manual of Fighting
  9102 | Lair:4   | Noticed a four-headed hydra
  9103 | Lair:4   | Noticed a death yak
  9103 | Lair:4   | Noticed a death yak
  9104 | Lair:4   | Noticed a death yak
  9107 | Lair:4   | Noticed a death yak
  9108 | Lair:4   | Noticed a death yak
  9124 | Lair:3   | Killed a death yak
  9170 | Lair:4   | Noticed a catoblepas
  9184 | Lair:4   | Killed a catoblepas
  9188 | Lair:4   | Noticed a five-headed hydra
  9196 | Lair:4   | Killed a five-headed hydra
  9204 | Lair:4   | Found a runed translucent door.
  9210 | Lair:4   | Found a viscous altar of Jiyva.
  9213 | Lair:4   | Found a staircase to the Slime Pits.
  9274 | Lair:4   | Killed a four-headed hydra
  9315 | Lair:4   | Reached skill level 12 in Armour
  9364 | Lair:4   | Noticed a six-headed hydra
  9376 | Lair:4   | Killed a six-headed hydra
  9397 | Lair:4   | Noticed a death yak
  9398 | Lair:4   | Noticed a death yak
  9398 | Lair:4   | Noticed a death yak
  9422 | Lair:4   | Killed a death yak
  9429 | Lair:4   | Killed a death yak
  9451 | Lair:4   | Found a runed translucent door.
  9543 | Lair:4   | Killed a death yak
  9544 | Lair:4   | Reached XP level 13. HP: 76/81 MP: 18/18
  9575 | Lair:4   | Reached skill level 10 in Fighting
  9635 | Lair:4   | Found a runed translucent door.
  9964 | Lair:4   | Noticed TheSexyCheese's ghost (journeyman OgFE)
  9982 | Lair:4   | Killed TheSexyCheese's ghost
 10075 | Lair:4   | Noticed an entropy weaver
 10087 | Lair:4   | Killed an entropy weaver
 10158 | Lair:4   | Reached skill level 13 in Armour
 10219 | Lair:4   | Noticed an entropy weaver
 10226 | Lair:4   | Killed an entropy weaver
 10251 | Lair:4   | Identified the +5 flail of Success {protect, rF- rCorr
                  | Dex+4}
 10357 | Lair:5   | Entered Level 5 of the Lair of Beasts
 10664 | Lair:5   | Gained mutation: Your large and strong wings let you fly.
                  | [Gargoyle growth]
 10664 | Lair:5   | Reached XP level 14. HP: 90/90 MP: 20/20
 10735 | Lair:5   | Reached skill level 10 in Shields
 11059 | Lair:5   | Reached ****** piety under Makhleb
 11183 | Lair:5   | Reached skill level 14 in Armour
 11661 | Lair:5   | Found a corrupted altar of Lugonu.
 11672 | Lair:5   | Found a one-way gate to the infinite horrors of the Abyss.
 11788 | Spider:1 | Entered Level 1 of the Spider Nest
 11789 | Spider:1 | Noticed an emperor scorpion
 11810 | Spider:1 | Noticed an emperor scorpion
 11831 | Spider:1 | Killed an emperor scorpion
 11855 | Spider:1 | Killed an emperor scorpion
 13201 | Spider:2 | Reached XP level 15. HP: 92/97 MP: 22/22
 13264 | Spider:2 | Reached skill level 10 in Invocations
 13411 | Spider:2 | Noticed Yvvueqof's ghost (journeyman FeEn)
 13420 | Spider:2 | Noticed Musia's ghost (adept DjCj)
 13427 | Spider:2 | Noticed Goxo's ghost (adept OpCj)
 13432 | Spider:2 | Reached skill level 15 in Armour
 13477 | Spider:2 | Found a transporter.
 13525 | Spider:2 | Found a transporter.
 13976 | Spider:2 | Noticed an emperor scorpion
 14010 | Spider:2 | Killed an emperor scorpion
 15003 | Spider:3 | Noticed a ghost moth
 15246 | Spider:3 | Noticed a ghost moth
 15259 | Spider:3 | Noticed an emperor scorpion
 15265 | Spider:3 | Killed a ghost moth
 15286 | Spider:3 | Killed an emperor scorpion
 15750 | Spider:3 | Noticed a ghost moth
 15766 | Spider:3 | Killed a ghost moth
 16067 | Spider:3 | Acquired the +11 chain mail of Vehumet's Outrage {rF+ Will-
                  | Int+6}
 16090 | Spider:4 | Entered Level 4 of the Spider Nest
 16213 | Spider:4 | Reached XP level 16. HP: 106/106 MP: 24/24
 16315 | Spider:4 | Reached skill level 16 in Armour
 17207 | Spider:4 | Noticed Arachne
 17265 | Spider:4 | Reached skill level 15 in Maces & Flails
 17271 | Spider:4 | Killed Arachne
 17329 | Spider:4 | HP: 4/107 [emperor scorpion (22)]
 17329 | Spider:4 | Mangled by a jumping spider

Illustrated notes

Levels and vault maps discovered:
D:1:      shiori_arrival_maze, layout_basic,
          dreamdust_ecumenical_altar_angels_and_demons, minmay_tree_intersection
D:2:      layout_basic, dreamdust_wishing_well, grunt_decor_mini_mirrors,
          minivault_26, amcnicky_mini_pool_small, st_stairs_9,
          nicolae_elevator_lobby_plus
D:3:      layout_loops_cross, fedhas_altar_2, grunt_ministairs_5
D:4:      layout_cave_pools, minmay_temple_entry_mini_moons, uniq_edmund
D:5:      layout_loops_ring, serial_co_window_serial,
          co_window_of_opportunity_a, co_window_corner_a, co_window_paths_a,
          co_window_paths_b, co_window_of_opportunity_a, co_window_corner_ca,
          co_window_broadway_b, co_window_paths_c, co_window_paths_d,
          co_window_4corner_b, glass_columns_a, glass_columns_a,
          glass_columns_a, glass_columns_b, glass_columns_a,
          grunt_decor_arrowhead
D:6:      minmay_recursive_quarters, layout_basic, grunt_temple_overflow_open
D:7:      layout_cave_pools, mainiacjoe_overflow_alcove_2,
          mainiacjoe_overflow_catwalk_spiral, grunt_gozag_breadcrumbs
D:8:      layout_basic, mainiacjoe_overflow_cross_hatched, bloody_trog,
          lair_entry_dummy, nicolae_ossuary_entry_catacombs, minmay_microvault
D:9:      layout_basic, mainiacjoe_overflow_concentric_impassable,
          gammafunk_ghost_hive, serial_shops,
          nicolae_shop_competitors_out_of_business, kennysheep_generic_room_4
Temple:   eino_wide_crystal_templ
Lair:1:   layout_gridlike, gauntlet_entry_generic, serial_bayou_ford_a,
          worms_lemuel, serial_bayou_shore_b, lemuel_fruit_fields,
          lemuel_fruit_tree, grunt_megastairs_5, serial_bayou_shore_a,
          serial_bayou_shore_b
Lair:2:   layout_regular_city, skrybe_swamp_entry_bodies
Lair:3:   layout_cave_shapes, spider_nest_entry_rubble, grunt_megastairs_1
Lair:4:   gammafunk_mikee_crab_dinner, layout_misc_corridors, slime_entry_2,
          ebering_ghost_reflecting_pool
Lair:5:   hellmonk_lair_end_abyssal_woods, layout_loops_ring, serial_rivers,
          chequers_serial_rivers_marsh, chequers_serial_rivers_room_a,
          chequers_serial_rivers_micro_b, chequers_serial_rivers_micro_e,
          chequers_serial_rivers_marsh, chequers_serial_rivers_large_b,
          st_stairs_8
Spider:1: layout_chambers
Spider:2: layout_cave_pods, nzn_ghost_randoct, special_room [special_room_bee]
Spider:3: layout_chambers, drop_trap, nicolae_spider_bug_shape
Spider:4: johnstein_spider_rune_arachne_lair, nicolae_spider_webbed_stairs

Skill      XL: |  1  2  3  4  5  6  7  8  9 10 11 12 13 14 15 16 |
---------------+-------------------------------------------------+-----
Armour         | 4 5 7 8 9 11 12 13 14 15 16 | 16.6
Maces & Flails | 3 4 6 7 8 10 11 12 13 14 15 | 15.1
Dodging        | 1 2 3 4 5 6 7 8 |  8.9
Fighting       | 4 5 6 7 8 9 11 12 14 | 14.7
Shields        | 4 5 6 7 8 9 10 11 12 | 12.0
Invocations    | 1 3 4 5 6 7 8 9 10 11 | 11.3

Action                     |  1- 3 |  4- 6 |  7- 9 | 10-12 | 13-15 | 16-18 || total
---------------------------+-------+-------+-------+-------+-------+-------++-------
  Melee: Flail             |    71 |       |       |       |  1457 |   296 ||  1824
         Whip              |     7 |   127 |   269 |   515 |   113 |       ||  1031
 Invoke: Lesser Servant of |       |       |       |     2 |     4 |       ||     6
         Major Destruction |       |       |       |       |     2 |     1 ||     3
         Greater Servant o |       |       |       |       |       |     2 ||     2
    Use: Scroll            |     4 |     7 |     7 |     5 |     6 |     6 ||    35
         Potion            |     1 |     2 |     5 |       |     2 |     2 ||    12
   Stab: Sleeping          |       |     1 |     7 |     4 |    14 |       ||    26
         Distracted        |       |       |       |       |     3 |     1 ||     4
 Armour: Scale mail        |    40 |     3 |       |       |       |       ||    43
         Leather armour    |       |    46 |   145 |   204 |   785 |       ||  1180
         Chain mail        |       |       |       |       |    73 |   315 ||   388
  Dodge: Dodged            |    47 |    82 |   195 |   275 |  1505 |   347 ||  2451
  Block: Buckler           |    10 |    60 |   133 |   228 |  1212 |   303 ||  1946

Table legend: (Time is in decaauts)
 A = Elapsed time spent in this place.
 B = Non-inter-level travel time spent in this place.
 C = Inter-level travel time spent in this place.
 D = Time resting spent in this place.
 E = Time spent auto-exploring this place.
 F = Levels seen in this place.
 G = Mean time per level.
                   A        B        C        D        E       F      G
               +--------+--------+--------+--------+--------+-----+--------+
         Total |  17106 |  16448 |    658 |    363 |  11007 |  21 |  814.6 |
       Dungeon |   6225 |   5886 |    339 |    100 |   4246 |   9 |  691.7 |
        Temple |     36 |     28 |      8 |      0 |     15 |   1 |   36.0 |
          Lair |   4968 |   4693 |    275 |     12 |   3278 |   5 |  993.6 |
   Spider Nest |   5243 |   5207 |     36 |    251 |   3225 |   4 | 1310.8 |
       Ossuary |    317 |    317 |      0 |      0 |    161 |   1 |  317.0 |
      Gauntlet |    315 |    315 |      0 |      0 |     82 |   1 |  315.0 |
               +--------+--------+--------+--------+--------+-----+--------+

Top non-repeatable levels by time:
Spider:3: 2001 daAuts
  Lair:5: 1292 daAuts
Spider:2: 1281 daAuts
Spider:1: 1236 daAuts
  Lair:4: 1191 daAuts
     D:5: 1021 daAuts
  Lair:3: 969 daAuts
     D:8: 905 daAuts
  Lair:1: 828 daAuts
Spider:4: 723 daAuts
     D:3: 720 daAuts
  Lair:2: 685 daAuts
     D:2: 668 daAuts
     D:9: 648 daAuts
     D:1: 615 daAuts
